 Dungeon Crawl Stone Soup version 0.29-a0-872-g797fff5ad1 (webtiles) character file.

Game seed: 7172898646927037204

40 porpoise the Magician (level 3, -1/28 HPs)
             Began as a Djinni Hedge Wizard on July 19, 2022.
             Slain by Robin
             ... wielding a +3 short sword
              (4 damage)
             ... on level 1 of the Dungeon.
             The game lasted 00:04:55 (1171 turns).

porpoise the Magician (Djinni Hedge Wizard)         Turns: 1171, Time: 00:04:55

Health: -1/28      AC:  2    Str:  7 (9)  XL:     3   Next: 72%
Gold:   15         EV: 12    Int: 16 (17) God:
                   SH:  0    Dex: 11 (12)

rFire   + + .      SeeInvis .   a - +0 dagger
rCold   x . .      Faith    .   (no shield)
rNeg    . . .      Spirit   .   k - +0 robe
rPois   ∞          Reflect  .   c - +0 hat
rElec   .          Harm     .   (no cloak)
rCorr   .          Rampage  .   (no gloves)
Will    .....                   (boots unavailable)
Stlth   ++........              (no amulet)
HPRegen 0.09/turn               (no ring)
MPRegen 0.00/turn               (no ring)

@: mighty, flying
A: sickness immunity, fire resistance 2, cold vulnerability 1, float, innate
caster, HP casting, extra vitality 1
a: no special abilities


You were on level 1 of the Dungeon.
You visited 1 branch of the dungeon, and saw 2 of its levels.

You collected 15 gold pieces.

Inventory:

Hand Weapons
 a - a +0 dagger (weapon)
 b - a +4 sling
Armour
 c - a +0 hat (worn)
 h - a +0 ring mail of poison resistance
 k - a +0 robe (worn)
Magical Staves
 l - a staff of conjuration
Scrolls
 d - a scroll of identify {unknown}
 j - a scroll of teleportation {unknown}
Potions
 e - a potion of magic {unknown}
 f - a potion of brilliance {unknown}
 i - a potion of degeneration


   Skills:
 + Level 2.0 Fighting
 - Level 2.1 Dodging
 - Level 1.5 Stealth
 + Level 3.0 Spellcasting


You couldn't memorise any spells.
You knew the following spells:

 Your Spells              Type           Power      Damage    Failure   Level
a - Magic Dart            Conj           48%        1d5       5%          1
b - Blink                 Tloc           24%        N/A       9%          2
c - Call Imp              Summ           12%        N/A       9%          2
d - Slow                  Hex            48%        N/A       5%          1
e - Conjure Flame         Conj/Fire      12%        6-21      16%         3
f - Mephitic Cloud        Conj/Pois/Air  12%        N/A       16%         3
g - Freeze                Ice            48%        1d7       5%          1
Your spell library was empty.

Dungeon Overview and Level Annotations

Branches:
Dungeon (2/15)

Altars:

Annotations:
D:1 Robin


Innate Abilities, Weirdness & Mutations

You are immune to sickness and miasma.
You are immune to poison.
Your flesh is very heat resistant. (rF++)
You are vulnerable to cold. (rC-)
You float through the air rather than walking.
You learn spells naturally, not from books.
Your magical power is your life essence.
You have superior vitality. (+4 MHP)


Message History

Confirm with . or Enter, or press ? or * to list all spells.
The spell is quite dangerous to miscast (16% risk of failure)!
Continue anyway?
Aiming: Mephitic Cloud (quite dangerous; 16% risk of failure)
Press: ? - help, Shift-Dir - straight line The ball explodes into a vile cloud!
The stinking cloud engulfs Robin but does no damage.
You hear a shout!
You hear an angry hiss.
Robin hits you with a +3 short sword.
You fly upwards.
There is a stone staircase leading down here.
Casting: Mephitic Cloud (quite dangerous; 16% risk of failure)
Confirm with . or Enter, or press ? or * to list all spells.
A beastly little devil appears in a puff of flame.
Robin hits you with a +3 short sword.
Casting: Call Imp (safe; 8% risk of failure)
Confirm with . or Enter, or press ? or * to list all spells.
A beastly little devil appears in a puff of flame.
Your crimson imp disappears in a puff of smoke!
Robin hits you with a +3 short sword.
Casting: Call Imp (safe; 8% risk of failure)
Confirm with . or Enter, or press ? or * to list all spells.
Aiming: Freeze (safe; 4% risk of failure)
Press: ? - help, Shift-Dir - straight line, f - Robin
Aim: Robin, wielding a +3 short sword, wearing a +0 animal skin and wearing a +0 helmet (ally target)
You freeze Robin.
Robin is lightly wounded.
Robin hits you with a +3 short sword!
* * * LOW HITPOINT WARNING * * *
Your crimson imp closely misses Robin.
It was a potion of degeneration.
There was something very wrong with that liquid.
You feel weakened.
You feel dopey.
You feel clumsy. Robin hits you with a +3 short sword.
* * * LOW HITPOINT WARNING * * *
Your crimson imp completely misses Robin.
Unknown command.
It was a potion of might.
You feel very mighty all of a sudden. Robin hits you with a +3 short sword.
You die...

......## #.# ######.......
...#...# #.# ##.##...#
.......#######.# ##...#...#
##..(....).....# #........#
#...#.########## #....#####
...........# #.#.##
......####.# #.#.#
#..#..####.# #########.#.#
#.......##.#####@.....^..#.#
#.##..#.......5g.#########.#
#.##..####.####...########.#
..##.......................#
#.....####.####...##########
#.###.####.# #####
.......)...# ############


You could see Robin (ally target) and a friendly crimson imp (summoned).

Vanquished Creatures
  2 dart slugs (D:1)
  2 ball pythons (D:1)
  5 endoplasms (D:1)
  2 giant cockroaches (D:1)
  5 goblins
  3 hobgoblins
  A kobold (D:1)
  2 quokkas (D:1)
  3 bats (D:1)
  2 frilled lizards (D:1)
  4 rats (D:1)
31 creatures vanquished.

Notes
Turn   | Place    | Note
-------+----------+-------------------------------------------
     0 | D:1      | porpoise the Djinni Hedge Wizard began the quest for the
                  | Orb.
     0 | D:1      | porpoise set off with the following spells memorised: Magic
                  | Dart, Blink, Call Imp, Slow, Conjure Flame, Mephitic Cloud.
     0 | D:1      | Reached XP level 1. HP: 15/15 MP: 0/0
   132 | D:1      | Reached XP level 2. HP: 22/22 MP: 0/0
   137 | D:1      | Reached skill level 1 in Fighting
   459 | D:1      | Reached XP level 3. HP: 17/27 MP: 0/0
   459 | D:1      | Learned a level 1 spell: Freeze
  1128 | D:2      | Noticed Robin
  1133 | D:2      | Reached skill level 3 in Spellcasting
  1171 | D:1      | Slain by Robin

Illustrated notes

Levels and vault maps discovered:
D:1:      grunt_arrival_crossed_arrows, layout_loops_ring
D:2:      layout_basic, serial_shops, nicolae_shop_behind_doors,
          nicolae_elevator_lobby_asterisk, uniq_terence, uniq_robin,
          uniq_jessica

Skill      XL: |  1  2  3 |
---------------+----------+-----
Fighting       | 1 2 |  2.0
Spellcasting   | 3 |  3.0
Dodging        | |  2.1
Stealth        | |  1.5

Action                   || total
-------------------------++-------
Melee: Dagger            ||     8
 Fire: Sling             ||    49
 Cast: Magic Dart        ||     8
       Call Imp          ||     3
       Mephitic Cloud    ||     2
       Freeze            ||     1
  Use: Potion            ||     2
Armor: Robe              ||     2
Dodge: Dodged            ||    22

Table legend: (Time is in decaauts)
 A = Elapsed time spent in this place.
 B = Non-inter-level travel time spent in this place.
 C = Inter-level travel time spent in this place.
 D = Time resting spent in this place.
 E = Time spent auto-exploring this place.
 F = Levels seen in this place.
 G = Mean time per level.
                   A        B        C        D        E       F      G
               +--------+--------+--------+--------+--------+-----+--------+
         Total |   1188 |   1168 |     20 |    433 |    532 |   2 |  594.0 |
       Dungeon |   1188 |   1168 |     20 |    433 |    532 |   2 |  594.0 |
               +--------+--------+--------+--------+--------+-----+--------+

Top non-repeatable levels by time:
     D:1: 1163 daAuts
     D:2: 25 daAuts
